 Dungeon Crawl Stone Soup version 0.28-a0-528-g4b98be1b05 (webtiles) character file.

Game seed: 1887947627279462342

646 Mirvelgyr the Chopper (level 7, -6/61 HPs)
             Began as a Minotaur Berserker on Sept 24, 2021.
             Was a Believer of Trog.
             Mangled by an iguana (12 damage)
             ... on level 4 of the Dungeon.
             The game lasted 00:03:38 (3379 turns).

Mirvelgyr the Chopper (Minotaur Berserker)          Turns: 3379, Time: 00:03:38

Health: -6/61      AC:  2    Str: 24    XL:     7   Next: 27%
Magic:  6/6        EV: 12    Int:  4    God:    Trog [**....]
Gold:   97         SH:  0    Dex:  9    Spells: 6/6 levels left

rFire   . . .      SeeInvis .   a - +0 hand axe
rCold   . . .      Faith    .   (no shield)
rNeg    . . .      Spirit   .   b - +0 animal skin
rPois   .          Reflect  .   (helmet restricted)
rElec   .          Harm     .   (no cloak)
rCorr   .          Rampage  .   (no gloves)
Will    ++...                   (no boots)
Stlth   +.........              (no amulet)
HPRegen 1.20/turn               (no ring)
MPRegen 0.10/turn               (no ring)

@: strong-willed, on berserk cooldown, regenerating, slowed, very slow
A: horns 2, retaliatory headbutt
a: Renounce Religion, Berserk, Trog's Hand


You were on level 4 of the Dungeon.
You worshipped Trog.
Trog was pleased with you.
You visited 1 branch of the dungeon, and saw 4 of its levels.

You collected 97 gold pieces.

Inventory:

Hand Weapons
 a - a +0 hand axe (weapon)
Armour
 b - a +0 animal skin (worn)
Jewellery
 e - a ring of ice
 g - a ring of resist corrosion
Wands
 i - a wand of iceblast (6)
Scrolls
 d - 3 scrolls of identify {unknown}
 f - a scroll of immolation {unknown}
 j - 2 scrolls of teleportation {unknown}
 k - a scroll of enchant weapon {unknown}
 l - a scroll of amnesia {unknown}
 m - a scroll of magic mapping {unknown}
Potions
 c - a potion of brilliance {unknown}
 h - a potion of mutation {unknown}
 n - a potion of cancellation {unknown}
 o - a potion of lignification {unknown}


   Skills:
 + Level 5.5 Fighting
 * Level 7.0 Axes
 + Level 4.8 Armour
 + Level 4.3 Dodging


You had 6 spell levels left.
You didn't know any spells.
Your spell library was empty.

Dungeon Overview and Level Annotations

Branches:
Dungeon (4/15)
 Temple: D:4-7

Altars:
Ashenzari


Innate Abilities, Weirdness & Mutations

You have a pair of horns on your head.
You reflexively headbutt those who attack you in melee.


Message History

You kill the goblin!
Trog accepts your kill.
You are no longer berserk.
You are exhausted.
You feel yourself slow down. The howler monkey skeleton misses you.
Items here: ( )) †.
You hit the howler monkey skeleton.
The howler monkey skeleton is moderately damaged.
Your skin stops crawling.
You feel less strong-willed. The howler monkey skeleton hits you.
You hit the howler monkey skeleton.
The howler monkey skeleton is heavily damaged.
The howler monkey skeleton barely misses you.
The howler monkey skeleton hits you.
The iguana hisses angrily.
You hit the howler monkey skeleton.
The howler monkey skeleton is severely damaged.
The howler monkey skeleton hits you.
* * * LOW HITPOINT WARNING * * *
You hit the howler monkey skeleton.
The howler monkey skeleton is severely damaged.
The howler monkey skeleton closely misses you.
Your skin crawls.
You feel strong-willed. The howler monkey skeleton hits you.
* * * LOW HITPOINT WARNING * * *
The howler monkey skeleton hits you.
* * * LOW HITPOINT WARNING * * *
You slash the howler monkey skeleton!
You destroy the howler monkey skeleton!
Trog accepts your kill.
You closely miss the iguana. The iguana misses you.
You slash the iguana!
The iguana is heavily wounded.
The iguana closely misses you. The iguana bites you!
* * * LOW HITPOINT WARNING * * *
You completely miss the iguana. Your headbutt misses the iguana.
The iguana is heavily wounded.
The iguana bites you!
You die...

#..# #.# #.....#.)
#..###.####.##..)<
#.....#.....######
#.####.###### #.#
#.# #.# #.# #.#
#.# #)# #.# #@#
#.# ##l# #.# #.Z#
#.# #........#
#..........#
#............
##.....>..#!##
#........#.#
#.......... #


You could see an iguana and an adder skeleton.

Vanquished Creatures
  Pikel (D:4)
  An iguana (D:4)
  Natasha (D:2)
  2 adders (D:2)
  4 gnolls (D:4)
  A howler monkey skeleton (D:4)
  A worm (D:2)
  3 dart slugs
  3 ball pythons
  6 endoplasms
  2 giant cockroaches
  4 goblins
  4 hobgoblins
  3 jackals (D:3)
  6 quokkas
  6 bats
  3 frilled lizards
  4 kobolds
  2 rats
57 creatures vanquished.

Notes
Turn   | Place    | Note
-------+----------+-------------------------------------------
     0 | D:1      | Mirvelgyr the Minotaur Berserker began the quest for the
                  | Orb.
     0 | D:1      | Reached XP level 1. HP: 19/19 MP: 0/0
   193 | D:1      | Reached XP level 2. HP: 21/27 MP: 1/1
   357 | D:1      | Reached skill level 4 in Axes
  1116 | D:2      | Found a faded altar of an unknown god.
  1162 | D:2      | Reached XP level 3. HP: 18/33 MP: 2/2
  1713 | D:2      | Noticed Natasha
  1724 | D:2      | Killed Natasha
  1724 | D:2      | Reached ** piety under Trog
  1725 | D:2      | Reached XP level 4. HP: 40/40 MP: 3/3
  2766 | D:3      | Found a broken altar of Ashenzari.
  3184 | D:4      | Reached skill level 5 in Axes
  3189 | D:4      | Reached XP level 5. HP: 38/47 MP: 4/4
  3346 | D:4      | Noticed a lemure
  3346 | D:4      | Noticed Pikel
  3347 | D:4      | Noticed a lemure
  3348 | D:4      | Noticed a lemure
  3357 | D:4      | Noticed a lemure
  3367 | D:4      | Killed Pikel
  3368 | D:4      | Reached skill level 5 in Fighting
  3368 | D:4      | Reached skill level 7 in Axes
  3368 | D:4      | Reached XP level 6. HP: 36/56 MP: 5/5
  3368 | D:4      | Reached XP level 7. HP: 39/61 MP: 6/6
  3379 | D:4      | Mangled by an iguana

Illustrated notes

Levels and vault maps discovered:
D:1:      erik_arrival_triangle_large, layout_basic, kennysheep_small_spiral
D:2:      layout_loops_corners, ebering_ecumenical_altar_petrified, uniq_natasha
D:3:      layout_basic, nicolae_ashenzari_panopticon
D:4:      layout_loops_ring, bloody_makhleb, kennysheep_mini, st_stairs_5,
          kennysheep_donut, uniq_pikel

Skill      XL: |  1  2  3  4  5 |
---------------+----------------+-----
Axes           | 4 5 7 |  7.0
Fighting       | 4 5 |  5.5
Armour         | 3 4 |  4.8
Dodging        | 3 4 |  4.3

Action                   |  1- 3 |  4- 6 |  7- 9 || total
-------------------------+-------+-------+-------++-------
Melee: Hand axe          |    61 |    58 |     9 ||   128
       Headbutt          |    10 |     7 |     1 ||    18
Invok: Berserk           |     1 |     2 |       ||     3
       Trog's Hand       |       |     1 |     1 ||     2
Armor: Animal skin       |     8 |    10 |       ||    18
Dodge: Dodged            |    39 |    37 |     5 ||    81

Table legend: (Time is in decaauts)
 A = Elapsed time spent in this place.
 B = Non-inter-level travel time spent in this place.
 C = Inter-level travel time spent in this place.
 D = Time resting spent in this place.
 E = Time spent auto-exploring this place.
 F = Levels seen in this place.
 G = Mean time per level.
                   A        B        C        D        E       F      G
               +--------+--------+--------+--------+--------+-----+--------+
         Total |   3402 |   3259 |    143 |    254 |   2668 |   4 |  850.5 |
       Dungeon |   3402 |   3259 |    143 |    254 |   2668 |   4 |  850.5 |
               +--------+--------+--------+--------+--------+-----+--------+

Top non-repeatable levels by time:
     D:2: 1300 daAuts
     D:3: 1016 daAuts
     D:1: 880 daAuts
     D:4: 204 daAuts
